 Dungeon Crawl Stone Soup version 0.21-a0-346-g330ab2c (webtiles) character file.

1088 qqqbard the Skirmisher (level 8, -1/67 HPs)
             Began as a Gnoll Fighter on Oct 5, 2017.
             Was an Initiate of the Shining One.
             Succumbed to a big kobold's poison
             ... on level 5 of the Dungeon.
             The game lasted 00:04:55 (4346 turns).

qqqbard the Skirmisher (Gnoll Fighter)              Turns: 4346, Time: 00:04:56

Health: -1/67      AC: 10    Str: 18 (21) XL:     8   Next: 30%
Magic:  12/12      EV:  9    Int: 10 (13) God:    the Shining One [......]
Gold:   451        SH: 10    Dex: 13 (14) Spells: 13/13 levels left

rFire    . . .     SeeInvis .   a - +0 long sword
rCold    . . .     Gourm    .   c - +0 shield
rNeg     . . .     Faith    .   b - +0 scale mail
rPois    .         Spirit   .   n - +1 helmet
rElec    +         Reflect  .   (no cloak)
rCorr    .         Harm     .   (no gloves)
MR       .....                  (no boots)
Stlth    +.........             (no amulet)
HPRegen  0.21/turn              (no ring)
MPRegen  0.13/turn              (no ring)

@: lethally poisoned (-1 -> -39), glowing
A: distributed training, fangs 1, clever 1, electricity resistance, wild magic
1, strong nose
a: Renounce Religion


You were on level 5 of the Dungeon.
You worshipped the Shining One.
The Shining One was noncommittal.
You were hungry.

You visited 1 branch of the dungeon, and saw 5 of its levels.

You collected 451 gold pieces.

Inventory:

Hand Weapons
 a - a +0 long sword (weapon)
Armour
 b - a +0 scale mail (worn)
 c - a +0 shield (worn)
 n - a +1 helmet (worn)
Wands
 y - a wand of confusion (32/48)
Scrolls
 j - a scroll of amnesia {unknown}
 k - 4 scrolls of teleportation {unknown}
 l - 2 scrolls of remove curse {unknown}
 m - 2 scrolls of blinking {unknown}
 o - 3 scrolls of identify
 p - a scroll of fear {unknown}
 r - 2 scrolls of random uselessness {unknown}
 t - a scroll of enchant weapon {unknown}
 v - 2 scrolls of enchant armour {unknown}
 x - a scroll of magic mapping {unknown}
 A - a scroll of fog {unknown}
 B - a scroll of immolation {unknown}
Potions
 d - a potion of might
 e - a potion of curing {unknown}
 q - a potion of mutation
 s - a potion of degeneration
 u - a potion of flight
Comestibles
 f - 4 bread rations
 g - 5 meat rations
 w - 5 fruits
 z - 2 chunks of flesh


   Skills:
 + Level 7.3 Fighting
 + Level 3.1 Short Blades
 + Level 5.6 Long Blades
 + Level 3.1 Axes
 + Level 3.1 Maces & Flails
 + Level 3.1 Polearms
 + Level 3.1 Staves
 + Level 3.1 Slings
 + Level 3.1 Bows
 + Level 3.1 Crossbows
 + Level 3.1 Throwing
 + Level 7.3 Armour
 + Level 3.1 Dodging
 + Level 3.1 Stealth
 + Level 7.3 Shields
 + Level 3.1 Unarmed Combat
 + Level 3.1 Spellcasting
 + Level 3.1 Conjurations
 + Level 3.1 Hexes
 + Level 3.1 Charms
 + Level 3.1 Summonings
 + Level 3.1 Necromancy
 + Level 3.1 Translocations
 + Level 3.1 Transmutations
 + Level 3.1 Fire Magic
 + Level 3.1 Ice Magic
 + Level 3.1 Air Magic
 + Level 3.1 Earth Magic
 + Level 3.1 Poison Magic
 + Level 3.1 Invocations
 + Level 3.1 Evocations


You had 13 spell levels left.
You didn't know any spells.

Dungeon Overview and Level Annotations

Branches:
Dungeon (5/15)             Temple (0/1) D:5

Altars:
Hepliaklqana
Uskayaw
Zin
The Shining One

Shops:
D:4 %


Innate Abilities, Weirdness & Mutations

Your experience applies equally to all skills.
You have very sharp teeth.
Your uncanny sense of smell can sniff out nearby items.
Your mind is acute. (Int +2)
You are resistant to electric shocks. (rElec)
Your spells are a little harder to cast, but a little more powerful.


Message History

You feel sick.
The big kobold hits you but does no damage.
You are more poisoned.
It was a potion of flight.
You feel very buoyant.
You fly up into the air.
* * * LOW HITPOINT WARNING * * *
You feel very sick. The big kobold barely misses you.
It was a potion of brilliance.
You feel clever all of a sudden.
* * * LOW HITPOINT WARNING * * *
You feel very sick.
The big kobold hits you but does no damage.
You are more poisoned.
It was a potion of cancellation.
Your magical effects are unravelling.
You feel magically purged.
You float gracefully downwards.
You feel a little less clever now.
You die...

###.###.#####.###.###.#
#.....###
#......>.."...).....#
#.##### #
###.....########..#####
#.####### ........# #..#
##........ ###..>..#
#..######...###### ##...##
#........#### ########
####..#######
##...###<.(.## ###### ∆
######.....##.##@# #.....?
∆
...........##.##K##.......
######.....##.##KK((......
#######.........K'........
..............##.'......#+
#############.##.##.....#
#.#### #....# #.# #####
#.#


You could see a big kobold and 3 kobolds.

Vanquished Creatures
  The ghost of daryashkoh the Skirmisher, an amateur DsFi (D:4)
  An ogre (D:5)
  2 big kobolds (D:5)
  The ghost of daryashkoh the Poker, a weakling MfCK of Xom (D:3)
  A crimson imp (D:5)
  3 hounds (D:4)
  An orc priest (D:3)
  2 orc wizards (D:5)
  An iguana (D:4)
  8 worker ants
  11 adders
  2 oozes (D:2)
  5 worms
  An adder skeleton (D:4)
  A dart slug (D:1)
  3 leopard geckos
  11 orcs
  10 bats
  7 goblins
  4 hobgoblins
  4 jackals (D:4)
  2 ball pythons
  2 frilled lizards
  8 kobolds
  A quokka skeleton (D:5)
  2 rats (D:1)
95 creatures vanquished.

Vanquished Creatures (others)
  3 fungi (D:5)
  10 toadstools (D:5)
13 creatures vanquished.

Grand Total: 108 creatures vanquished

Notes
Turn   | Place    | Note
-------+----------+-------------------------------------------
     0 | D:1      | qqqbard the Gnoll Fighter began the quest for the Orb.
     0 | D:1      | Reached XP level 1. HP: 23/23 MP: 1/1
   280 | D:1      | Reached XP level 2. HP: 23/29 MP: 2/2
   869 | D:2      | Reached XP level 3. HP: 20/35 MP: 3/3
  1088 | D:2      | Reached skill level 1 in Short Blades
  1088 | D:2      | Reached skill level 1 in Axes
  1088 | D:2      | Reached skill level 1 in Maces & Flails
  1088 | D:2      | Reached skill level 1 in Polearms
  1088 | D:2      | Reached skill level 1 in Staves
  1088 | D:2      | Reached skill level 1 in Slings
  1088 | D:2      | Reached skill level 1 in Bows
  1088 | D:2      | Reached skill level 1 in Crossbows
  1088 | D:2      | Reached skill level 1 in Throwing
  1088 | D:2      | Reached skill level 1 in Dodging
  1088 | D:2      | Reached skill level 1 in Stealth
  1088 | D:2      | Reached skill level 1 in Unarmed Combat
  1088 | D:2      | Reached skill level 1 in Spellcasting
  1088 | D:2      | Reached skill level 1 in Conjurations
  1088 | D:2      | Reached skill level 1 in Hexes
  1088 | D:2      | Reached skill level 1 in Charms
  1088 | D:2      | Reached skill level 1 in Summonings
  1088 | D:2      | Reached skill level 1 in Necromancy
  1088 | D:2      | Reached skill level 1 in Translocations
  1088 | D:2      | Reached skill level 1 in Transmutations
  1088 | D:2      | Reached skill level 1 in Fire Magic
  1088 | D:2      | Reached skill level 1 in Ice Magic
  1088 | D:2      | Reached skill level 1 in Air Magic
  1088 | D:2      | Reached skill level 1 in Earth Magic
  1088 | D:2      | Reached skill level 1 in Poison Magic
  1088 | D:2      | Reached skill level 1 in Invocations
  1088 | D:2      | Reached skill level 1 in Evocations
  1088 | D:2      | Reached XP level 4. HP: 32/41 MP: 5/5
  1605 | D:3      | Reached XP level 5. HP: 43/47 MP: 6/6
  2198 | D:3      | Noticed daryashkoh's ghost (weakling MfCK)
  2221 | D:3      | Killed daryashkoh's ghost
  2343 | D:4      | Reached XP level 6. HP: 45/53 MP: 8/8
  2490 | D:4      | Reached skill level 5 in Long Blades
  2494 | D:4      | Noticed daryashkoh's ghost (amateur DsFi)
  2511 | D:4      | Killed daryashkoh's ghost
  2511 | D:4      | Reached XP level 7. HP: 15/60 MP: 10/10
  2770 | D:4      | Found Yciovuuqurgh's Food Shoppe.
  3206 | D:4      | Found a glowing golden altar of the Shining One.
  3214 | D:4      | Became a worshipper of the Shining One
  3220 | D:4      | Found a hazy altar of Hepliaklqana.
  3235 | D:4      | Found a glowing silver altar of Zin.
  3238 | D:4      | Found a hide-covered altar of Uskayaw.
  3470 | D:5      | Entered Level 5 of the Dungeon
  3623 | D:5      | Found a staircase to the Ecumenical Temple.
  3837 | D:5      | Reached XP level 8. HP: 28/67 MP: 12/12
  4342 | D:5      | Gained mutation: You are resistant to electric shocks. (rElec) [potion of mutation]
  4342 | D:5      | Gained mutation: Your spells are a little harder to cast, but a little more powerful. [potion of mutation]
  4342 | D:5      | Gained mutation: Your mind is acute. (Int +2) [potion of mutation]
  4345 | D:5      | HP: 2/67 [poisoned by a big kobold]
  4346 | D:5      | Succumbed to a big kobold's poison

Vault maps used:
D:1:      minmay_arrival_open_corners, hangedman_decor_diamond_cutter,
          minmay_tromino_v4_c
D:3:      st_stairs_5, minmay_stone_trees_small
D:4:      grunt_temple_overflow_cloverleaf, serial_shops, nicolae_shop_stone,
          kennysheep_generic_room_5
D:5:      cheibrodos_fertilizer, minmay_temple_entry_hall, first_bread,
          minmay_gold_behind_fungi

Skill      XL: |  1  2  3  4  5  6  7  8 |
---------------+-------------------------+-----
Short Blades   | 1 2 3 |  3.1
Axes           | 1 2 3 |  3.1
Maces & Flails | 1 2 3 |  3.1
Polearms       | 1 2 3 |  3.1
Staves         | 1 2 3 |  3.1
Slings         | 1 2 3 |  3.1
Bows           | 1 2 3 |  3.1
Crossbows      | 1 2 3 |  3.1
Throwing       | 1 2 3 |  3.1
Dodging        | 1 2 3 |  3.1
Stealth        | 1 2 3 |  3.1
Unarmed Combat | 1 2 3 |  3.1
Spellcasting   | 1 2 3 |  3.1
Conjurations   | 1 2 3 |  3.1
Hexes          | 1 2 3 |  3.1
Charms         | 1 2 3 |  3.1
Summonings     | 1 2 3 |  3.1
Necromancy     | 1 2 3 |  3.1
Translocations | 1 2 3 |  3.1
Transmutations | 1 2 3 |  3.1
Fire Magic     | 1 2 3 |  3.1
Ice Magic      | 1 2 3 |  3.1
Air Magic      | 1 2 3 |  3.1
Earth Magic    | 1 2 3 |  3.1
Poison Magic   | 1 2 3 |  3.1
Invocations    | 1 2 3 |  3.1
Evocations     | 1 2 3 |  3.1
Long Blades    | 5 |  5.6
Fighting       | 7 |  7.3
Armour         | 7 |  7.3
Shields        | 7 |  7.3

Action                   |  1- 3 |  4- 6 |  7- 9 || total
-------------------------+-------+-------+-------++-------
Melee: Long sword        |    65 |   142 |   136 ||   343
       Bite              |     6 |    20 |    23 ||    49
  Use: Potion            |       |     1 |     5 ||     6
       Scroll            |       |       |     2 ||     2
 Stab: Invisible         |       |     1 |       ||     1
  Eat: Chunk             |     1 |     4 |     6 ||    11
Armor: Scale mail        |    40 |    56 |    62 ||   158
Dodge: Dodged            |    28 |    57 |    57 ||   142
Block: Shield            |    40 |    98 |    99 ||   237
       Rpst.: Long sword |     9 |    19 |    19 ||    47

Table legend:
 A = Spawn XP
 B = Non-spawn XP
 C = Spawn XP percentage of total XP
 D = Spawn monster count
 E = Non-spawn monster count
 F = Spawn count percentage of total count
 G = Total turns spent on level
                    A         B        C        D         E        F      G
               +---------+---------+-------+---------+---------+-------+---------
         Total |       0 |    1555 |   0.0 |       0 |      95 |   0.0 |  4346
               +---------+---------+-------+---------+---------+-------+---------
           D:1 |       0 |      17 |   0.0 |       0 |       9 |   0.0 |   845
           D:2 |       0 |     102 |   0.0 |       0 |      23 |   0.0 |   638
           D:3 |       0 |     162 |   0.0 |       0 |      23 |   0.0 |   847
           D:4 |       0 |     724 |   0.0 |       0 |      26 |   0.0 |  1140
           D:5 |       0 |     550 |   0.0 |       0 |      14 |   0.0 |   876
               +---------+---------+-------+---------+---------+-------+---------
